 Dungeon Sprint DCSS version 0.31-a0-691-g409c26aa35 (webtiles) character file.

Game seed: 17581275627432598352

3124 Midn8 the Brawler (level 9, -9/151 HPs)
             Began as a Troll Fighter on Sept 6, 2023.
             Was a Priest of Okawaru.
             Engulfed by a death drake's foul pestilence (10 damage)
             ... in the Dungeon (Sprint II: "The Violet Keep of Menkaure").
             The game lasted 00:05:06 (870 turns).

Midn8 the Brawler (Troll Fighter)                    Turns: 870, Time: 00:05:06

Health: -9/151     AC: 24    Str: 28    XL:     9   Next: 60%
Magic:  7/9        EV:  1    Int:  4    God:    Okawaru [***...]
Gold:   863        SH: 11    Dex: 11    Spells: 8/8 levels left

rFire   . .          .
                       - Unarmed
rCold   . . .        b - +0 kite shield
rNeg    . . .        a - melded +0 robe
rPois   +            (helmet currently unavailable)
rElec   .            (cloak currently unavailable)
rCorr   .            (gloves unavailable)
SInv    .            (boots unavailable)
Will    .....        (no amulet)
Stlth   +            (no ring)
HPRegen 1.25/turn    (no ring)
MPRegen 0.11/turn

%: no teleportation
@: lethally poisoned (-9 -> -10), tree-form, slowed, very slow
A: stationary, stasis, torment immunity, boosted hp, large, unfitting armour,
(claws 3), regeneration 1, (shaggy fur 1), (tough skin 1), mutation resistance
1, inability to read after injury 1
a: Renounce Religion, Heroism


You were in the Dungeon.
You worshipped Okawaru.
Okawaru was most pleased with you.
You were a tree.
You visited 1 branch You collected 1049 gold pieces.
You spent 186 gold pieces at shops.

Inventory:

Armour
 a - a +0 robe (melded)
 b - a +0 kite shield (worn)
 o - a +0 cloak
Scrolls
 i - a scroll of blinking
 j - 2 scrolls of identify
 k - 2 scrolls of revelation {unknown}
 p - 2 scrolls of silence {unknown}
 q - a scroll of poison {unknown}
 s - 3 scrolls of butterflies {unknown}
 v - a scroll of amnesia {unknown}
Potions
 c - a potion of might
 e - 2 potions of heal wounds
 f - 2 potions of haste
 g - 5 potions of magic
 l - 2 potions of cancellation {unknown}
 m - 4 potions of resistance {unknown}
 n - 3 potions of degeneration {unknown}
 r - 2 potions of brilliance {unknown}
 t - 3 potions of enlightenment {unknown}
 u - a potion of invisibility {unknown}


   Skills:
 + Level 9.8 Fighting
 - Level 2.4 Dodging
 + Level 10.7 Shields
 * Level 15.7 Unarmed Combat
 + Level 2.1 Invocations


You had 8 spell levels left.
You didn't know any spells.
Your spell library contained the following spells:

 Spells                   Type           Power      Damage    Failure   Level
 Lesser Beckoning         Tloc           0%         N/A       80%         2
 Poisonous Vapours        Pois/Air       0%         N/A       80%         2
 Gell's Gravitas          Tloc           0%         N/A       95%         3
 Mephitic Cloud           Conj/Pois/Air  0%         N/A       95%         3
 Teleport Other           Tloc           0%         N/A       95%         3
 Freezing Cloud           Conj/Ice/Air   0%         6-21      100%        5


Dungeon Overview and Level Annotations

Branches:
Dungeon (1/1)

Altars:
Cheibriados
Dithmenos
Elyvilon
Fedhas
Gozag
Hepliaklqana
Kikubaaqudgha
Makhleb
Nemelex Xobeh
Okawaru
Qazlal
Ru
Sif Muna
Trog
Uskayaw
Vehumet
Wu Jian
Xom
Yredelemnul
Zin
The Shining One
Jiyva
Lugonu

Shops:
D (:!!?:[*=(![=((

Annotations:
D exclusion: oklob plant, Roxanne


Innate Abilities, Weirdness & Mutations

You are a tree.
Your roots penetrate the ground, keeping you stationary.
You cannot be teleported.
You are immune to unholy pain and torment.
Your maximum health is greatly increased.
Your equipment is partially melded.
You are too large for most types of armour.
((You have claws for hands.))
Your natural rate of healing is unusually fast.
((You are covered in fur. (AC +1)))
((You have tough skin. (AC +1)))
You are somewhat resistant to further mutation.
You occasionally lose the ability to read scrolls when taking damage.


Message History

You kill the death drake!
Okawaru is honoured by your kill.
Okawaru will now gift you throwing weapons as you gain piety.
You are engulfed in dark miasma.
* * * LOW HITPOINT WARNING * * *
You feel sick.
Your Invocations skill gained 2 levels and is now at level 2!
You closely miss the death drake.
You are engulfed in dark miasma.
You are more poisoned.
* * * LOW HITPOINT WARNING * * *
You feel very sick. The death drake breathes miasma at you.
The foul vapour engulfs you!
You feel as though you will be slow longer.
* * * LOW HITPOINT WARNING * * *
The death drake bites you but does no damage.
You barely miss the death drake.
You are engulfed in dark miasma.
You feel as though you will be slow longer.
* * * LOW HITPOINT WARNING * * *
You feel very sick. You block the death drake's attack.
Unknown command.
You completely miss the death drake.
You can read scrolls again.
You feel very sick. The death drake bites you!
* * * LOW HITPOINT WARNING * * *
The death drake bites you.
* * * LOW HITPOINT WARNING * * *
You pummel the death drake!!
The death drake is moderately wounded.
* * * LOW HITPOINT WARNING * * *
You feel sick. The death drake breathes miasma at you.
The foul vapour engulfs you but does no damage.
Unknown command.
You smack the death drake!
The death drake is heavily wounded.
You are engulfed in dark miasma.
You die...

§≈≈≈≈§≈§# +..°▓0..▓ ≈≈°≈°≈ ...
#...▓▓▓▓▓▓▓▓▓▓ ≈S○≈ ...
#.○.▓≈≈≈≈≈§≈≈▓▓ ++#+++## ...
##○°▓▓▓▓▓▓▓▓▓▓▓ †......# ..
.#|:▓[.[.)...▓▓ ##'##..# #.
k#°=▓..)[....▓▓ #.#.##.###
+°##9#:[▓...|....▓▓ ..#..# ...#
#°°k####▓........▓▓ #...####..##
#°♣##.#▓...[.)..▓▓ ##†###.##..#
+°°#..#▓[..[....▓▓ ##.##†###..#
#.°#..#▓.)...[)(▓▓
†.<.†##.+..####.^##)#▓...(....▓▓
##.##...#....###.^.##▓▓▓▓▓▓▓+▓▓▓▓
##'###.##...§..~~~~~~~~~~÷~~..wXw
#...####~~.....~#'########+###.≈≈
..##.#~~~~~~~..~#_._._...#~~~##≈≈
## ##~~~§~~~~.~#._._._._#§§§§###


You could see a death drake (catching breath), a crystal guardian and a swamp
drake.

Vanquished Creatures
  A death drake (D)
  A yaktaur (D)
  3 polar bears (D)
  A hornet (D)
  4 neqoxecs (D)
  Menkaure (D)
  4 water moccasins (D)
  4 scorpions (D)
  4 necrophages (D)
  3 worms (D)
  7 tentacles (D)
33 creatures vanquished.

Vanquished Creatures (others)
  A water moccasin (D)
  27 tentacles (D)
28 creatures vanquished.

Grand Total: 61 creatures vanquished

Notes
Turn   | Place    | Note
-------+----------+-------------------------------------------
     0 | D        | Midn8 the Troll Fighter began the quest for the Orb.
     0 | D        | Reached XP level 1. HP: 22/22 MP: 0/0
     1 | D        | Noticed a scorpion
     1 | D        | Noticed a scorpion
     1 | D        | Noticed a scorpion
     1 | D        | Noticed a scorpion
     5 | D        | Killed a scorpion
     6 | D        | Reached skill level 5 in Unarmed Combat
     6 | D        | Reached XP level 2. HP: 32/32 MP: 1/1
     6 | D        | Reached XP level 3. HP: 39/39 MP: 2/2
     9 | D        | Killed a scorpion
    10 | D        | Reached skill level 5 in Shields
    10 | D        | Reached skill level 6 in Unarmed Combat
    10 | D        | Reached XP level 4. HP: 49/49 MP: 3/3
    11 | D        | Killed a scorpion
    12 | D        | Reached skill level 5 in Fighting
    12 | D        | Reached skill level 7 in Unarmed Combat
    12 | D        | Reached XP level 5. HP: 57/57 MP: 4/4
    14 | D        | Reached skill level 8 in Unarmed Combat
    25 | D        | Noticed a neqoxec
    25 | D        | Noticed a neqoxec
    25 | D        | Noticed a neqoxec
    25 | D        | Noticed a neqoxec
    27 | D        | Gained mutation: You sometimes lose your temper in combat.
                  | [a neqoxec]
    33 | D        | Killed a neqoxec
    34 | D        | Reached skill level 10 in Unarmed Combat
    34 | D        | Reached XP level 6. HP: 49/67 MP: 5/5
    35 | D        | Gained mutation: You occasionally lose the ability to read
                  | scrolls when taking damage. [a neqoxec]
    40 | D        | Killed a neqoxec
    43 | D        | Killed a water moccasin
    44 | D        | Killed a neqoxec
    45 | D        | Reached skill level 11 in Unarmed Combat
    45 | D        | Reached XP level 7. HP: 64/78 MP: 6/6
    48 | D        | Gained mutation: You have an uncontrollable temper. [a
                  | neqoxec]
    50 | D        | Killed a neqoxec
   108 | D        | Reached skill level 12 in Unarmed Combat
   118 | D        | Reached XP level 8. HP: 88/88 MP: 7/7
   177 | D        | Found Naykime's Antique Weapon Boutique.
   177 | D        | Found Loacof's Weapon Shop.
   178 | D        | Found Wiza's Distillery.
   178 | D        | Found Yzuulis's Antique Armour Boutique.
   178 | D        | Found Bakhluqa's Jewellery Shop.
   179 | D        | Found Zuplup's General Store.
   179 | D        | Found Koabir's Jewellery Boutique.
   179 | D        | Found Nenekoil's Antique Armour Boutique.
   179 | D        | Found Goneetid's Weapon Shop.
   180 | D        | Found Moutrod's Book Boutique.
   180 | D        | Found Mugah's Magic Scroll Boutique.
   180 | D        | Found Voruxot's Distillery.
   183 | D        | Found Efoun's Distillery.
   183 | D        | Noticed an oklob plant
   184 | D        | Found Uschassa's Book Shoppe.
   184 | D        | Found Baolum's Weapon Boutique.
   191 | D        | Bought a potion of mutation for 88 gold pieces
   191 | D        | Lost mutation: You have an uncontrollable temper. [potion
                  | of mutation]
   191 | D        | Lost mutation: You sometimes lose your temper in combat.
                  | [potion of mutation]
   191 | D        | Gained mutation: You are somewhat resistant to further
                  | mutation. [potion of mutation]
   199 | D        | Bought a potion of lignification for 39 gold pieces
   199 | D        | Bought a potion of lignification for 39 gold pieces
   203 | D        | Bought a scroll of identify for 20 gold pieces
   217 | D        | Noticed Roxanne
   227 | D        | Found an iron altar of Okawaru.
   227 | D        | Found an opulent altar of Gozag.
   228 | D        | Found a sparkling altar of Nemelex Xobeh.
   228 | D        | Found a blossoming altar of Fedhas.
   229 | D        | Found a radiant altar of Vehumet.
   229 | D        | Found a burning altar of Makhleb.
   229 | D        | Found a white marble altar of Elyvilon.
   230 | D        | Found a hide-covered altar of Uskayaw.
   230 | D        | Found a corrupted altar of Lugonu.
   230 | D        | Found a shadowy altar of Dithmenos.
   231 | D        | Found a glowing silver altar of Zin.
   231 | D        | Found a bloodstained altar of Trog.
   231 | D        | Found an ancient bone altar of Kikubaaqudgha.
   232 | D        | Found a basalt altar of Yredelemnul.
   232 | D        | Found a shimmering blue altar of Sif Muna.
   232 | D        | Found a viscous altar of Jiyva.
   232 | D        | Noticed Menkaure
   233 | D        | Found a shimmering altar of Xom.
   233 | D        | Found a sacrificial altar of Ru.
   234 | D        | Found a glowing golden altar of the Shining One.
   234 | D        | Found an ornate altar of the Wu Jian Council.
   234 | D        | Found a stormy altar of Qazlal.
   234 | D        | Found a snail-covered altar of Cheibriados.
   234 | D        | Found a hazy altar of Hepliaklqana.
   244 | D        | Killed Menkaure
   247 | D        | Became a worshipper of Warmaster Okawaru
   260 | D        | Noticed a kraken
   274 | D        | HP: 1/88 [tentacle[a kraken] (15)]
   594 | D        | Reached skill level 13 in Unarmed Combat
   753 | D        | Noticed a yaktaur
   753 | D        | Noticed a hornet
   753 | D        | Noticed a polar bear
   753 | D        | Noticed a polar bear
   758 | D        | Killed a polar bear
   758 | D        | Reached * piety under Okawaru
   758 | D        | Noticed a polar bear
   759 | D        | Reached skill level 14 in Unarmed Combat
   765 | D        | Killed a polar bear
   772 | D        | Killed a polar bear
   772 | D        | Reached ** piety under Okawaru
   773 | D        | Reached skill level 10 in Shields
   773 | D        | Reached XP level 9. HP: 24/98 MP: 8/8
   775 | D        | Killed a yaktaur
   779 | D        | Reached skill level 15 in Unarmed Combat
   852 | D        | Noticed a death drake
   853 | D        | Noticed a crystal guardian
   854 | D        | Noticed a death drake
   865 | D        | Killed a death drake
   865 | D        | Reached *** piety under Okawaru
   868 | D        | HP: 6/151 [death drake (8)]
   868 | D        | HP: 1/151 [death drake (5)]
   870 | D        | Engulfed by a death drake's foul pestilence

Illustrated notes

Levels and vault maps discovered:
D:        the_violet_keep_of_menkaure [sprint2_stairs_cluster_1,
          sprint2_shoproom, sprint2_temple, sprint2_basic_supplies,
          sprint2_obstacle_6, sprint2_obstacle_2, sprint2_obstacle_5,
          sprint2_obstacle_3, sprint2_obstacle_1, sprint2_timed_cluster_1,
          sprint2_smallroom_cluster_1, sprint2_smallroom_final_cluster_1,
          sprint2_transparent_cluster_1, sprint2_second_timed_cluster_1,
          sprint2_sniper_area_1, sprint2_heavy_combat_area_1,
          sprint2_mutation_trap_area_1, sprint2_forest_area_1,
          sprint2_light_combat_area_1, sprint2_behind_water_1,
          sprint2_near_end_vault_1]

Skill      XL: |  1  2  3  4  5  6  7  8  9 |
---------------+----------------------------+-----
Fighting       | 3 4 5 6 7 9 |  9.8
Shields        | 4 5 6 7 8 10 | 10.7
Unarmed Combat | 5 6 7 10 11 12 14 15 | 15.7
Invocations    | 2 |  2.1
Dodging        | |  2.4

Action                     |  1- 3 |  4- 6 |  7- 9 || total
---------------------------+-------+-------+-------++-------
  Melee: Unarmed           |     6 |    23 |   117 ||   146
 Invoke: Heroism           |       |       |     1 ||     1
    Use: Potion            |     1 |       |     5 ||     6
 Armour: Robe              |     3 |     5 |    52 ||    60
         Skin              |       |       |    41 ||    41
  Dodge: Dodged            |     1 |    11 |    20 ||    32
  Block: Kite shield       |       |     5 |    40 ||    45

Table legend: (Time is in decaauts)
 A = Elapsed time spent in this place.
 B = Non-inter-level travel time spent in this place.
 C = Inter-level travel time spent in this place.
 D = Time resting spent in this place.
 E = Time spent auto-exploring this place.
 F = Levels seen in this place.
 G = Mean time per level.
                   A        B        C        D        E       F      G
               +--------+--------+--------+--------+--------+-----+--------+
         Total |    874 |    874 |      0 |    433 |      0 |   1 |  874.0 |
       Dungeon |    874 |    874 |      0 |    433 |      0 |   1 |  874.0 |
               +--------+--------+--------+--------+--------+-----+--------+

Top non-repeatable levels by time:
       D: 874 daAuts
